Map: Stasis LE

Players

Odin - Winner!

  • Race: Protoss Protoss
  • League: Platinum
  • Spawn Location: 1:00

VOD

Have the link to the VOD?

Description

Time

  • Played on: Dec. 19, 2018, 11:54 p.m.
  • Length: 5:11
Show
View Real Time Build Order
Export as new Build Order

Odin Protoss - Winner!

Build Orders:  

Get SALT Encoding   

  12  0:14  Probe (Chrono Boost)  
  13  0:21  Pylon  
  13  0:26  Probe (Chrono Boost)  
  14  0:51  Forge  
  14  1:04  Probe (Chrono Boost)  
  16  1:20  Probe (Chrono Boost)  
  16  1:30  Pylon  
  16  1:31  Probe (Chrono Boost)  
  17  1:57  Photon Cannon  
  17  1:59  Photon Cannon  
  17  2:15  Photon Cannon  
  17  2:22  Photon Cannon  
  18  2:35  Photon Cannon  
  17  2:48  Pylon  
  17  3:13  Photon Cannon  
  17  3:15  Photon Cannon  
  17  3:20  Photon Cannon  
  17  3:39  Photon Cannon  
  17  3:41  Pylon  
  17  4:12  Photon Cannon  
  17  4:17  Photon Cannon  
  17  4:40  Photon Cannon  
  17  4:42  Photon Cannon  
  17  5:07  Photon Cannon  
Tags
 
League
Platinum
Matchup
Co-op
Add a new tag
Caveats
  • Supply blocks, unpowered buildings, or Contaminate may cause inaccurate times.
  • Supply counts are checked every 10 seconds.